 Dungeon Crawl Stone Soup version 0.24.0-13-gcf9b319 (webtiles) character file.

Game seed: 15073757002981751140, levelgen mode: deterministic

4573 Birdy the Nimble (level 10, -4/71 HPs)
             Began as a Halfling Monk on Dec 25, 2019.
             Was a High Priest of Dithmenos.
             Slain by an orc warrior
             ... wielding a +0 broad axe
              (17 damage)
             ... in a bailey.
             The game lasted 00:26:20 (8052 turns).

Birdy the Nimble (Halfling Monk)                    Turns: 8052, Time: 00:26:21

Health: -4/71      AC: 11    Str: 12    XL:     10   Next: 68%
Magic:  10/10      EV: 21    Int:  8    God:    Dithmenos [*****.]
Gold:   373        SH:  4    Dex: 25    Spells: 9/9 levels left

rFire    + . .     SeeInvis .   a - +0 scimitar
rCold    . . .     Gourm    .   (shield restricted)
rNeg     . . .     Faith    .   n - +2 ring mail "Ucsaehan" {rElec Dex+4}
rPois    .         Spirit   .   r - +0 helmet
rElec    +         Reflect  .   (no cloak)
rCorr    +         Harm     .   l - +0 pair of gloves
MR       .....                  (no boots)
Stlth    +++.......             (no amulet)
HPRegen  0.21/turn              o - ring of protection from fire
MPRegen  0.12/turn              t - ring of resist corrosion

@: wreathed by umbra
A: small, large bone plates 1, mutation resistance 1
a: Shadow Step, Shadow Form, Renounce Religion


You were in a bailey.
You worshipped Dithmenos.
Dithmenos was extremely pleased with you.
You were not hungry.

You visited 2 branches of the dungeon, and saw 9 of its levels.
You also visited: Bailey.

You collected 373 gold pieces.

Inventory:

Hand Weapons
 a - a +0 scimitar (weapon)
 b - the +4 shortbow "Qitairom" {venom, rF- Int+4}
   (You found it on level 4 of the Dungeon)

   It poisons the ammo it fires.
   It affects your intelligence (+4).
   It makes you vulnerable to fire.
Missiles
 m - 81 arrows
 y - 3 datura-tipped darts (quivered)
Armour
 l - a +0 pair of gloves (worn)
 n - the +2 ring mail "Ucsaehan" (worn) {rElec Dex+4}
   (You found it on level 5 of the Dungeon)

   It affects your dexterity (+4).
   It insulates you from electricity.
 r - a +0 helmet (worn)
 w - a +2 robe of magic resistance
Magical Staves
 p - an uncursed staff of wizardry
Jewellery
 o - a ring of protection from fire (left hand)
 t - a ring of resist corrosion (right hand)
Wands
 d - a wand of disintegration (14)
Scrolls
 f - a scroll of enchant armour {unknown}
 j - a scroll of fog
 k - 10 scrolls of teleportation
 q - 4 scrolls of remove curse
 s - 2 scrolls of amnesia
 x - 2 scrolls of identify
Potions
 e - 4 potions of lignification
 g - a potion of magic
 h - a potion of brilliance
 i - 2 potions of haste
 v - a potion of cancellation
 B - 2 potions of flight
Comestibles
 c - 18 rations
 C - 2 chunks of flesh


   Skills:
 + Level 7.5 Fighting
 + Level 8.3 Long Blades
 + Level 7.4 Armour
 + Level 9.0 Dodging
 - Level 2.1 Stealth


You had 9 spell levels left.
You didn't know any spells.
Your spell library was empty.

Dungeon Overview and Level Annotations

Branches:
Dungeon (8/15)             Temple (1/1) D:4            Lair (0/6) D:8
 Bailey (1/1)

Altars:
Dithmenos
Fedhas
Okawaru
Ru
Xom
The Shining One


Innate Abilities, Weirdness & Mutations

You are small and have problems with some larger weapons.
You are somewhat resistant to further mutation.
You are partially covered in large bone plates. (SH +4)


Message History

The orc warrior misses you.
You barely miss the orc warrior.
The orc warrior is almost dead.
The orc warrior barely misses you.
You hit the orc warrior but do no damage.
The orc warrior is almost dead.
The orc warrior barely misses you.
You closely miss the orc warrior.
The orc warrior is almost dead.
You miss the orc warrior.
The orc warrior is almost dead.
You block the orc warrior's attack.
You closely miss the orc warrior.
The orc warrior is almost dead.
The orc warrior completely misses you.
You riposte.
You hit the orc warrior.
The orc warrior is almost dead.
You closely miss the orc warrior.
The orc warrior is almost dead.
The orc warrior hits you with a +0 broad axe!
You die...

....## ...#
########.#############
......().............###
(.(.#########...........
##### ##(#........ #..#
#()#KK§.⌠... #..#
#..#o#...... '..####
####()#@#.K...## ##...^
... ^...###......#≈
.#..####'####..#go...≈≈≈≈≈
≈####..g.oo.####g≈≈≈≈≈≈≈≈≈
≈≈≈∩#..KoKKK#K≈≈≈≈≈≈.....#
≈≈≈≈#########≈≈≈≈.......#
##≈≈≈≈≈≈≈≈≈≈≈≈≈≈.......#
###≈≈≈≈≈≈≈≈.........#
##.............####


You could see an orc warrior and 2 kobolds.

Vanquished Creatures
  An orc knight (Bailey)
  Psyche (D:8)
  A shadow (D:8)
  A wyvern (D:8)
  A water moccasin (D:7)
  3 orc warriors
  2 sky beasts
  2 ice beasts
  2 phantoms
  5 centaurs
  A big kobold (D:7)
  8 bullfrogs
  A gnoll sergeant (D:6)
  2 scorpions
  5 killer bees (D:8)
  A bullfrog zombie (D:8)
  2 crimson imps
  5 hounds
  6 orc priests
  3 jellies
  5 orc wizards
  4 bullfrog skeletons
  10 worker ants
  A killer bee zombie (D:5)
  2 worker ant zombies
  4 gnolls (D:6)
  9 adders
  A shadow imp (D:6)
  An ooze (D:3)
  2 adder skeletons
  A worm (D:2)
  9 dart slugs
  4 leopard geckos
  17 orcs
  A ball python (D:2)
  3 bats
  8 giant cockroaches
  13 goblins
  5 hobgoblins
  11 jackals
  3 quokkas
  6 frilled lizards
  A jackal skeleton (D:7)
  21 kobolds
  A quokka skeleton (D:7)
  5 rats
201 creatures vanquished.

Vanquished Creatures (collateral kills)
  An orc warrior (Bailey)
  A gnoll (Bailey)
  A kobold (Bailey)
3 creatures vanquished.

Vanquished Creatures (others)
  A fungus (D:8)
1 creature vanquished.

Grand Total: 205 creatures vanquished

Notes
Turn   | Place    | Note
-------+----------+-------------------------------------------
     0 | D:1      | Birdy the Halfling Monk began the quest for the Orb.
     0 | D:1      | Reached XP level 1. HP: 15/15 MP: 1/1
   396 | D:1      | Reached XP level 2. HP: 20/20 MP: 2/2
   637 | D:1      | Reached skill level 1 in Armour
   759 | D:1      | Reached XP level 3. HP: 25/25 MP: 3/3
  1362 | D:2      | Found a shadowy altar of Dithmenos.
  1371 | D:2      | Became a worshipper of Dithmenos the Shadowed
  1371 | D:2      | Reached * piety under Dithmenos
  1371 | D:2      | Reached ** piety under Dithmenos
  1913 | D:3      | Reached XP level 4. HP: 31/31 MP: 4/4
  2138 | D:3      | Reached skill level 4 in Dodging
  2149 | D:3      | Reached XP level 5. HP: 31/36 MP: 5/5
  2661 | D:4      | Found a staircase to the Ecumenical Temple.
  2704 | D:4      | Reached *** piety under Dithmenos
  2762 | D:4      | Reached XP level 6. HP: 39/42 MP: 6/6
  3104 | D:4      | Got a scorched shortbow
  3117 | Temple   | Entered the Ecumenical Temple
  3118 | Temple   | Identified the +4 shortbow "Qitairom" {venom, rF- Int+4}
                  | (You found it on level 4 of the Dungeon)
  3494 | D:4      | Reached XP level 7. HP: 48/48 MP: 7/7
  3670 | D:5      | Entered Level 5 of the Dungeon
  3734 | D:5      | Reached skill level 5 in Dodging
  4038 | D:5      | Got a distressingly furry ring mail
  4049 | D:5      | Identified the +2 ring mail "Ucsaehan" {rElec Dex+4} (You
                  | found it on level 5 of the Dungeon)
  4194 | D:5      | Reached skill level 5 in Long Blades
  4426 | D:5      | Reached XP level 8. HP: 39/54 MP: 8/8
  4872 | D:5      | Got a spiked plate armour
  4883 | D:5      | Identified the cursed +1 plate armour of the Evil One
                  | {rElec} (You found it on level 5 of the Dungeon)
  5293 | D:6      | Reached skill level 5 in Fighting
  5293 | D:6      | Reached skill level 6 in Dodging
  5316 | D:6      | Reached skill level 5 in Armour
  5707 | D:6      | Reached **** piety under Dithmenos
  5985 | D:6      | Reached XP level 9. HP: 61/61 MP: 9/9
  6547 | D:7      | Reached skill level 7 in Dodging
  7207 | D:8      | Gained mutation: You are partially covered in large bone
                  | plates. (SH +4) [potion of mutation]
  7237 | D:8      | Noticed Psyche
  7246 | D:8      | Reached XP level 10. HP: 66/69 MP: 10/10
  7260 | D:8      | Reached skill level 8 in Dodging
  7295 | D:8      | Killed Psyche
  7295 | D:8      | Reached ***** piety under Dithmenos
  7426 | D:8      | Found a glowing golden altar of the Shining One.
  7516 | D:8      | Found a staircase to the Lair.
  7749 | D:8      | Found a flagged portal.
  7760 | Bailey   | Entered a bailey
  7879 | Bailey   | Identified the +6 scimitar of Buerar {slice, Str+7}
  7879 | Bailey   | Noticed an orc knight
  7891 | Bailey   | Noticed an orc knight
  7998 | Bailey   | Killed an orc knight
  7998 | Bailey   | Reached skill level 9 in Dodging
  8041 | Bailey   | HP: 1/71 [orc warrior/+0 broad axe (17)]
  8052 | Bailey   | Slain by an orc warrior

Levels and vault maps discovered:
D:1:      dpeg_arrival_water_temple_mockup, layout_basic
D:2:      layout_basic, nicolae_dithmenos_shadow_blocks
D:3:      layout_rooms
D:4:      layout_rooms, minmay_temple_entry_slanted
D:5:      kennysheep_slugbush, layout_basic, first_ration, minmay_statues_item
D:6:      layout_cave_pools
D:7:      layout_basic
D:8:      layout_rooms, grunt_lair_entry_orc_guard_hut, basic_altar,
          enter_bailey_3, hangedman_little_slice_of_home, uniq_psyche
Temple:   nicolae_temple_the_god_donut
Bailey:   bailey_axe_4, bailey

Skill      XL: |  1  2  3  4  5  6  7  8  9 10 |
---------------+-------------------------------+-----
Armour         | 1 2 3 4 5 7 |  7.4
Fighting       | 3 4 5 6 7 |  7.5
Dodging        | 4 5 6 7 9 |  9.0
Long Blades    | 4 5 6 7 8 |  8.3
Stealth        | |  2.1

Action                   |  1- 3 |  4- 6 |  7- 9 | 10-12 || total
-------------------------+-------+-------+-------+-------++-------
Melee: Falchion          |    90 |   199 |   241 |       ||   530
       Scimitar          |       |       |   166 |   156 ||   322
 Fire: Shortbow          |       |       |    42 |       ||    42
Throw: Boomerang         |       |       |     3 |       ||     3
       Dart              |       |       |       |     2 ||     2
  Use: Scroll            |     6 |     5 |     4 |     2 ||    17
       Potion            |       |     7 |     6 |     6 ||    19
 Stab: Sleeping          |     8 |     4 |    12 |     3 ||    27
       Distracted        |     1 |     1 |       |       ||     2
  Eat: Chunk             |     3 |     5 |    13 |     4 ||    25
Armor: Robe              |     6 |       |       |       ||     6
       Leather armour    |     8 |    34 |     5 |       ||    47
       Ring mail         |       |       |    72 |    15 ||    87
Dodge: Dodged            |    70 |   204 |   463 |   184 ||   921
Block: Other             |       |       |    11 |    38 ||    49
       Rpst.: Falchion   |    21 |    71 |    88 |       ||   180
       Scimitar          |       |       |    47 |    43 ||    90
